 Dungeon Crawl Stone Soup version 0.27-a0-78-g75406f0b48 (webtiles) character file.

Game seed: 16900329012079469530

29 knot the Chopper (level 3, 29/29 HPs)
             Began as a Demonspawn Berserker on Jan 14, 2021.
             Was a Follower of Trog.
             Quit the game on level 1 of the Dungeon.
             The game lasted 00:00:53 (1164 turns).

knot the Chopper (Demonspawn Berserker)             Turns: 1164, Time: 00:00:53

Health: 29/29      AC:  7    Str: 17    XL:     3   Next: 1%
Magic:  3/3        EV: 11    Int:  9    God:    Trog [*.....]
Gold:   37         SH:  0    Dex: 12    Spells: 2/2 levels left

rFire    . . .     SeeInvis .   a - +0 hand axe
rCold    . . .     Faith    .   (no shield)
rNeg     . . .     Spirit   .   d - +0 ring mail (curse)
rPois    .         Reflect  .   (no helmet)
rElec    .         Harm     .   (no cloak)
rCorr    .         Rampage  .   (no gloves)
Will     .....                  (no boots)
Stlth    +.........             (no amulet)
HPRegen  0.09/turn              (no ring)
MPRegen  0.08/turn              (no ring)

@: no status effects
A: claws 1, icy blue scales 1
a: Renounce Religion, Berserk


You were on level 1 of the Dungeon.
You worshipped Trog.
Trog was aware of your devotion.
You visited 1 branch of the dungeon, and saw 1 of its levels.

You collected 37 gold pieces.

Inventory:

Hand Weapons
 a - a +0 hand axe (weapon)
Missiles
 c - 67 stones
 f - 20 poisoned darts
 i - 33 arrows
Armour
 b - a +0 animal skin
 d - a cursed +0 ring mail (worn)
Jewellery
 j - a cursed amulet of inaccuracy {unknown}
Scrolls
 e - a scroll of remove curse {unknown}
 h - a scroll of fog {unknown}
Potions
 g - a potion of haste {unknown}


   Skills:
 - Level 3.0 Fighting
 + Level 3.8 Axes
 - Level 1.7 Armour
 - Level 1.7 Dodging


You had 2 spell levels left.
You didn't know any spells.
Your spell library was empty.

Dungeon Overview and Level Annotations

Branches:
Dungeon (1/15)

Altars:


Innate Abilities, Weirdness & Mutations

You have sharp fingernails.
You are partially covered in icy blue scales. (AC +2)


Message History

No target in view!
No target in view!
A rat is nearby!
A goblin comes into view.
The goblin shouts!
The rat bites you but does no damage.
There are monsters nearby!
You closely miss the rat. The rat closely misses you.
You hit the rat but do no damage. The rat bites you but does no damage.
You barely miss the rat. The rat bites you but does no damage.
You hit the goblin.
You kill the goblin!
Trog accepts your kill.
You hit the rat but do no damage. The rat misses you.
You have reached level 3!
Your experience leads to an increase in your attributes!
Increase (S)trength, (I)ntelligence, or (D)exterity?
You feel clever.
Your demonic ancestry asserts itself...
Your fingernails lengthen.
Are you sure you want to abandon this character and quit the game? (Confirm with "yes".)

#.# # .# #.##### # ###
.### #[....### #..
...#####........ # #.#
........†......÷
###.###.##.#.####.......##
#..........# #........##
#......†.# ##...###.##
#####.#@## ##.## .##
###.#r# #.# #.##
#.###...#.# #.# #...
#.........# ##'## ####
#####.##### ##...## #.####
##.....## #.##.##
##.......##
#.#>..####..)......###
#........+............


You could see a rat.

Vanquished Creatures
  A dart slug (D:1)
  A giant cockroach (D:1)
  5 hobgoblins (D:1)
  4 jackals (D:1)
  2 kobolds (D:1)
  3 bats (D:1)
  2 frilled lizards (D:1)
  3 goblins (D:1)
  3 rats (D:1)
24 creatures vanquished.

Notes
Turn   | Place    | Note
-------+----------+-------------------------------------------
     0 | D:1      | knot the Demonspawn Berserker began the quest for the Orb.
     0 | D:1      | Reached XP level 1. HP: 18/18 MP: 1/1
   348 | D:1      | Gained mutation: You are partially covered in icy blue
                  | scales. (AC +2) [demonic ancestry]
   348 | D:1      | Reached XP level 2. HP: 24/24 MP: 2/2
  1164 | D:1      | Gained mutation: You have sharp fingernails. [demonic
                  | ancestry]
  1164 | D:1      | Reached XP level 3. HP: 29/29 MP: 3/3
  1164 | D:1      | Quit the game

Illustrated notes

Levels and vault maps discovered:
D:1:      ebering_trefoil_twist, layout_loops_corners, serial_forest,
          infiniplex_forest_end_1, infiniplex_forest_clump_medium,
          infiniplex_forest_clump_medium, infiniplex_forest_straight_2,
          infiniplex_forest_straight_2, infiniplex_forest_corner_2,
          minmay_misc_feat_doors

Skill      XL: |  1 |
---------------+----+-----
Axes           | 3 |  3.8
Fighting       | |  3.0
Armour         | |  1.7
Dodging        | |  1.7

Action                   || total
-------------------------++-------
Melee: Hand axe          ||    73
Armor: Animal skin       ||     4
       Ring mail         ||    27
Dodge: Dodged            ||    53

Table legend: (Time is in decaauts)
 A = Elapsed time spent in this place.
 B = Non-inter-level travel time spent in this place.
 C = Inter-level travel time spent in this place.
 D = Time resting spent in this place.
 E = Time spent auto-exploring this place.
 F = Levels seen in this place.
 G = Mean time per level.
                   A        B        C        D        E       F      G
               +--------+--------+--------+--------+--------+-----+--------+
         Total |   1173 |   1173 |      0 |    246 |    760 |   1 | 1173.0 |
       Dungeon |   1173 |   1173 |      0 |    246 |    760 |   1 | 1173.0 |
               +--------+--------+--------+--------+--------+-----+--------+

Top non-repeatable levels by time:
     D:1: 1173 daAuts
